[Event "Team 45 45 League T60"]
[Site "Internet Chess Club"]
[Date "2014.04.08"]
[Round "6"]
[White "wildkingdumb"]
[Black "mugurelt"]
[Result "1/2-1/2"]
[WhiteElo "1866"]
[BlackElo "1725"]
[Opening "Sicilian: Najdorf, Byrne (English) attack"]
[ECO "B90"]
[Time "13:25:49"]
[TimeControl "2700+45"]

1. e4 c5 2. Nf3 d6 3. d4 cxd4 4. Nxd4 Nf6 5. Nc3 a6 6. Be3 e5 7. Nb3 Be6 8. f3
h5 9. Qd2 Nbd7 10. O-O-O Rc8 11. Kb1 b5 12. Bd3 Be7 13. h3 Nb6 14. Bxb6 Qxb6 15.
f4 Bc4 16. g4 b4 17. Nd5 Nxd5 18. exd5 Bxd5 19. Rhe1 Bf3 20. Bf5 Rc6 21. Be4
Bxd1 22. Bxc6+ Qxc6 23. Qxd1 f6 24. gxh5 Kf7 25. Qg4 Rh6 26. fxe5 dxe5 27. Rd1
Qe6 28. Na5 Qxg4 29. hxg4 Rh8 30. Nc4 Rd8 31. Rxd8 Bxd8 32. Nd6+ Kf8 33. Kc1 Bc7
34. Ne4 Kf7 35. Kd2 Bb6 36. Nd6+ Kg8 37. Kd3 Kh7 38. Ne4 Bd8 39. c4 bxc3 40.
bxc3 g6 41. hxg6+ Kxg6 42. c4 f5 43. gxf5+ Kxf5 44. c5 Bc7 45. Nc3 Ke6 46. Ke4
Ba5 47. Na4 Bb4 48. c6 Kd6 49. c7 Kxc7 50. Kxe5 a5 51. Kd5 Be1 52. Kc5 Kb7 53.
Kb5 Ka7 54. Nb2 Bd2 55. Nc4 Be1 {Game drawn by mutual agreement} 1/2-1/2

[Event "Team 45 45 League T60"]
[Site "Internet Chess Club"]
[Date "2014.04.13"]
[Round "6"]
[White "RD1974"]
[Black "calsal"]
[Result "1-0"]
[WhiteElo "1663"]
[BlackElo "1749"]
[Opening "Réti opening"]
[ECO "A05"]
[Time "17:10:53"]
[TimeControl "2700+45"]

1. Nf3 Nf6 2. g3 Nc6 3. Bg2 e5 4. d3 d5 5. Nbd2 Bc5 6. O-O Bf5 7. Qe1 Qd7 8. Ng5
h6 9. e4 hxg5 10. exf5 Qxf5 11. Nf3 g4 12. Ng5 Nh7 13. h4 O-O-O 14. Qc3 Bb6 15.
a4 a5 16. Qd2 Nxg5 17. Qxg5 Qxg5 18. Bxg5 f6 19. Be3 Nd4 20. Bxd4 Bxd4 21. c3
Bb6 22. Rfe1 c6 23. Rab1 Bc7 24. b4 b6 25. bxa5 bxa5 26. c4 Kd7 27. cxd5 cxd5
28. Bxd5 Rb8 29. Be4 Rb4 30. Rec1 Rhb8 31. Bc6+ Kd6 32. Bb5 Rb6 33. Rxb4 axb4
34. Rc4 b3 35. Rb4 Kc5 36. Rxb3 Rb7 37. Kf1 Ba5 38. Ke2 Kd4 39. f3 gxf3+ 40.
Kxf3 Ra7 41. h5 Rb7 42. g4 Ra7 43. Rb1 Rb7 44. Rc1 Bc3 45. Rg1 Bd2 46. Rg2 Bc3
47. g5 fxg5 48. Rxg5 Ra7 49. Rg6 Bb4 50. Rc6 Bc5 51. Rc8 Bb6 52. Rc4+ Kd5 53.
Rg4 Bc5 54. Rg6 Kd4 55. Kg4 Kd5 56. Bc4+ Kd4 57. Kf5 Bf8 58. Bb5 Kd5 59. Ra6
Rxa6 60. Bxa6 Bb4 61. Bc4+ Kc6 62. Kxe5 Bc3+ 63. Ke6 Kb6 64. Kd5 Ka5 65. Bb5 Kb6
66. Kc4 Bf6 67. d4 Kc7 68. Kd5 Kb6 69. Be8 Be7 70. Ke6 Bf6 71. d5 Kc7 72. d6+
Kd8 73. Bb5 Bc3 74. Kd5 Be1 75. Bc6 Bc3 76. Kc4 Be1 77. Kb5 Bh4 78. a5 Kc8 79.
Kc5 Kb8 80. a6 Bf2+ 81. Kd5 Kc8 82. Bb7+ Kd8 83. Ke6 Bd4 84. d7 Be3 85. Bc8 Bd4
86. Kd6 Be3 87. Kc6 Bd4 88. Kb7 Bc5 89. a7 Bxa7 90. Kxa7 Kc7 91. Ka6 Kd8 92. Kb7
{Black resigns} 1-0

[Event "Team 45 45 League T60"]
[Site "Internet Chess Club"]
[Date "2014.04.06"]
[Round "6"]
[White "alexine"]
[Black "noblitz-oblige"]
[Result "1-0"]
[WhiteElo "1610"]
[BlackElo "1591"]
[Opening "Scotch game"]
[ECO "C45"]
[Time "13:16:05"]
[TimeControl "2700+45"]

1. e4 e5 2. Nf3 Nc6 3. d4 exd4 4. Nxd4 Bc5 5. Be3 Nxd4 6. Bxd4 Bxd4 7. Qxd4 Qg5
8. Nc3 Ne7 9. Nb5 O-O 10. Nxc7 Nc6 11. Qd6 Rb8 12. g3 f5 13. Bc4+ Kh8 14. Qxf8#
{Black checkmated} 1-0

[Event "Team 45 45 League T60"]
[Site "Internet Chess Club"]
[Date "2014.04.04"]
[Round "6"]
[White "TimeCo"]
[Black "jjaillet2007"]
[Result "1-0"]
[WhiteElo "1403"]
[BlackElo "1342"]
[Opening "Queen's pawn: Chigorin variation"]
[ECO "D00"]
[Time "22:00:15"]
[TimeControl "2700+45"]

1. d4 d5 2. Nc3 e6 3. Nf3 c5 4. e4 Nc6 5. exd5 exd5 6. Bb5 a6 7. Bxc6+ bxc6 8.
Qe2+ Be6 9. O-O Nf6 10. Bg5 Be7 11. Na4 cxd4 12. Nxd4 Ne4 13. Bxe7 Qxe7 14. Nb6
Rb8 15. Qxa6 Qc5 16. Nxe6 fxe6 17. Na4 Qb5 18. Qa7 O-O 19. Nc3 Nxc3 20. bxc3 Rf7
21. Qe3 Re7 22. a4 Qb6 23. a5 Qxe3 24. fxe3 Ra8 25. Ra4 Rf7 26. Rxf7 Kxf7 27.
Kf2 Kf6 28. Ke2 Ke5 29. Kd3 c5 30. c4 dxc4+ 31. Kxc4 Ke4 32. Kxc5+ Kxe3 33. c4
e5 34. Kd5 e4 35. c5 Rd8+ 36. Kc6 Kd3 37. Kc7 Rd4 38. Ra3+ Kc4 39. c6 Kb5 40.
Kb7 Kb4 41. Ra1 e3 42. c7 e2 43. c8=Q Rd1 44. Qf8+ Kb3 45. Qf3+ Kc2 46. Ra2+ Kc1
47. Qc3+ Kb1 48. Qb2# {Black checkmated} 1-0

[Event "Team 45 45 League T60"]
[Site "Internet Chess Club"]
[Date "2014.04.06"]
[Round "6"]
[White "chessjav"]
[Black "fireball"]
[Result "1-0"]
[WhiteElo "1887"]
[BlackElo "1743"]
[Opening "Mieses opening"]
[ECO "A00"]
[Time "16:07:09"]
[TimeControl "2700+45"]

1. d3 e5 2. Nf3 Nc6 3. g3 d5 4. Bg2 h6 5. O-O Be6 6. e4 d4 7. Nbd2 g5 8. b3 Qd7
9. Nc4 Bg7 10. Bb2 Nge7 11. Qe2 Ng6 12. a4 g4 13. Nfd2 h5 14. Ba3 h4 15. b4 hxg3
16. fxg3 O-O-O 17. Rfb1 b6 18. b5 Nb8 19. a5 Rh7 20. axb6 axb6 21. Bd6 Rdh8 22.
Ra7 Kd8 23. Bxc7+ Ke8 24. Bxb8 Qd8 25. Bc7 Qg5 26. Bxb6 Bf8 27. Ra8+ Ke7 28.
Bd8+ {Black resigns} 1-0

[Event "Team 45 45 League T60"]
[Site "Internet Chess Club"]
[Date "2014.04.03"]
[Round "6"]
[White "Insan996"]
[Black "timothysmall56"]
[Result "0-1"]
[WhiteElo "1599"]
[BlackElo "1702"]
[Opening "Queen's pawn: Torre attack"]
[ECO "A46"]
[Time "21:03:32"]
[TimeControl "2700+45"]

1. d4 Nf6 2. Nf3 e6 3. Bg5 c5 4. c3 Nc6 5. e4 h6 6. Bxf6 Qxf6 7. e5 Qd8 8. Nbd2
cxd4 9. cxd4 Qb6 10. Nc4 Bb4+ 11. Ke2 Qa6 12. Ke3 b5 13. Nd6+ Bxd6 14. exd6 Nb4
15. Qb3 Nd5+ 16. Kd2 Qxd6 17. Bxb5 Rb8 18. Qc4 a6 19. Ba4 Nb6 20. Qb3 Nxa4 21.
Qxa4 Rxb2+ 22. Ke3 Rb4 23. Qa5 O-O 24. a3 Rb5 25. Qc3 Bb7 26. Nd2 Rc8 27. Qd3 e5
28. dxe5 Rxe5+ 29. Ne4 Rxe4+ 30. Qxe4 Bxe4 {White resigns} 0-1

[Event "Team 45 45 League T60"]
[Site "Internet Chess Club"]
[Date "2014.04.06"]
[Round "6"]
[White "meduzo"]
[Black "Ajolote"]
[Result "1-0"]
[WhiteElo "1556"]
[BlackElo "1533"]
[Opening "Sicilian: Najdorf, Lipnitzky attack"]
[ECO "B90"]
[Time "11:01:08"]
[TimeControl "2700+45"]

1. e4 c5 2. Nf3 d6 3. d4 cxd4 4. Nxd4 Nf6 5. Nc3 a6 6. Bc4 g6 7. Be3 Bg7 8. f3
e6 9. Qd2 O-O 10. O-O-O Qc7 11. Bb3 Rd8 12. Bh6 b5 13. g4 Qd7 14. Bxg7 Kxg7 15.
h4 Bb7 16. h5 Nc6 17. hxg6 Rh8 18. Qh6+ Kg8 19. g7 Qe7 20. g5 Nh5 21. Rxh5 Nxd4
22. gxh8=Q+ Kxh8 23. Qxh7# {Black checkmated} 1-0

[Event "Team 45 45 League T60"]
[Site "Internet Chess Club"]
[Date "2014.04.05"]
[Round "6"]
[White "gerailen0075"]
[Black "Tamarin"]
[Result "0-1"]
[WhiteElo "1874"]
[BlackElo "1903"]
[Opening "Caro-Kann: Steinitz variation"]
[ECO "B17"]
[Time "23:34:51"]
[TimeControl "2700+45"]

1. e4 c6 2. d4 d5 3. Nc3 dxe4 4. Nxe4 Nd7 5. Ng5 Ngf6 6. Bc4 e6 7. Qe2 Nb6 8.
Bb3 h6 9. N5f3 c5 10. Bf4 Nbd5 11. Be5 Qa5+ 12. Nd2 b5 13. dxc5 Bxc5 14. Nf3 O-O
15. O-O Bb7 16. c4 bxc4 17. Bxc4 Qb6 18. Nb3 Bd6 19. Bd4 Nf4 20. Bxb6 Nxe2+ 21.
Bxe2 axb6 22. Nbd4 Rfc8 23. a3 Nd5 24. g3 Rc5 25. Nb5 Be7 26. Nfd4 Bf6 27. b4
Bxd4 28. Nxd4 Rc3 29. Nb5 Rc2 30. Bd3 Rd2 31. Be4 Ba6 32. Bxd5 Rxd5 33. Nc7 Bxf1
34. Nxa8 Bb5 35. a4 Be2 36. Nxb6 Rd4 37. b5 Bf3 38. Nc8 Kf8 39. b6 Rc4 40. a5
Rxc8 41. a6 Ke7 42. Rb1 Bb7 43. axb7 Rb8 44. Ra1 Kd6 45. Kg2 Rxb7 46. Kf3 Kc6
47. Ke4 Rxb6 48. h4 Rb2 49. f4 Rb3 50. Ra7 f5+ 51. Ke5 Re3+ 52. Kd4 Rxg3 53.
Ra6+ Kd7 54. Ra7+ Kd6 55. Ra6+ Ke7 56. Ke5 Re3+ 57. Kd4 Re4+ {White resigns} 0-1

[Event "Team 45 45 League T60"]
[Site "Internet Chess Club"]
[Date "2014.04.06"]
[Round "6"]
[White "TheFriedFox1"]
[Black "pishd"]
[Result "1-0"]
[WhiteElo "1620"]
[BlackElo "1737"]
[Opening "QGD semi-Slav"]
[ECO "D43"]
[Time "11:08:35"]
[TimeControl "2700+45"]

1. d4 Nf6 2. c4 e6 3. Nf3 d5 4. Nc3 c6 5. Bf4 Bd6 6. Bxd6 Qxd6 7. c5 Qe7 8. e3
Nbd7 9. b4 e5 10. Be2 O-O 11. O-O e4 12. Nd2 a6 13. a4 Ne8 14. b5 axb5 15. axb5
Rxa1 16. Qxa1 f5 17. bxc6 bxc6 18. Qa8 Nef6 19. Qxc6 Qf7 20. Nb5 Nb8 21. Qa8 Bb7
22. Qa2 Ne8 23. Nb1 f4 24. Bd1 Ba6 25. N1c3 fxe3 26. f3 Kh8 27. Be2 exf3 28.
Rxf3 Nf6 29. Nd6 Qa7 30. Ncb5 Qa8 31. Nc7 Qc6 32. Nxa6 Nxa6 33. Qxa6 Qxa6 34.
Bxa6 Ra8 35. Be2 Ra2 36. Rxe3 Rd2 37. c6 Rc2 38. Nc4 Rc1+ 39. Kf2 {Black
resigns} 1-0

[Event "Team 45 45 League T60"]
[Site "Internet Chess Club"]
[Date "2014.04.08"]
[Round "6"]
[White "oldsj"]
[Black "clarinetref"]
[Result "1-0"]
[WhiteElo "1660"]
[BlackElo "1570"]
[Opening "Caro-Kann defense"]
[ECO "B12"]
[Time "10:04:53"]
[TimeControl "2700+45"]

1. e4 c6 2. d4 d6 3. Nc3 Qc7 4. Nf3 Bg4 5. h3 Bxf3 6. Qxf3 Nf6 7. Bc4 e5 8. dxe5
dxe5 9. Bg5 Be7 10. O-O-O Nbd7 11. Kb1 O-O 12. h4 b5 13. Bd3 Nc5 14. h5 Ne6 15.
Bh4 Nd4 16. Qh3 b4 17. Bxf6 Bxf6 18. Ne2 Ne6 19. h6 Ng5 20. Qf5 Qc8 21. hxg7
Kxg7 22. Ng3 Qxf5 23. Nxf5+ Kh8 24. Rh6 Bg7 25. Nxg7 Kxg7 26. Rxc6 Ne6 27. Rh1
Rfc8 28. Bb5 Rxc6 29. Bxc6 Rc8 30. Bd7 Rc7 31. Bxe6 fxe6 32. Rd1 Kf6 33. b3 a5
34. Rd6 Ra7 35. Rb6 h5 36. a3 bxa3 37. Ka2 h4 38. Kxa3 Rg7 39. g3 h3 40. Rd6 h2
41. Rd1 Rh7 42. Rh1 Kg5 43. f3 Rh3 44. Ka4 Rxg3 45. Rxh2 Rxf3 46. Re2 Rc3 47.
Kxa5 Kf4 48. Kb4 Rc8 49. c4 Kf3 50. Re1 Kf2 51. Rh1 Ke3 52. Rh6 Rb8+ 53. Kc3 Rb6
54. Rh4 Rd6 55. c5 Rd3+ 56. Kc4 Rd4+ 57. Kb5 Rd8 58. c6 Rb8+ 59. Kc5 Rxb3 60.
Rh3+ {Black resigns} 1-0

[Event "Team 45 45 League T60"]
[Site "Internet Chess Club"]
[Date "2014.04.05"]
[Round "6"]
[White "Tobiasdelmonte"]
[Black "TheRailgun"]
[Result "1-0"]
[WhiteElo "1902"]
[BlackElo "1846"]
[Opening "Sicilian: Najdorf"]
[ECO "B90"]
[Time "11:31:32"]
[TimeControl "2700+45"]

1. e4 c5 2. Nc3 d6 3. Nf3 Nf6 4. d4 cxd4 5. Nxd4 a6 6. f3 e5 7. Nb3 Be6 8. Be3
Be7 9. Qd2 h5 10. O-O-O b5 11. Kb1 Nbd7 12. Be2 Bc4 13. Bxc4 bxc4 14. Nc1 Qc7
15. N1e2 Rb8 16. Ng3 Qb7 17. Qc1 g6 18. Ka1 a5 19. Nge2 Qb4 20. Nd5 Nxd5 21.
Rxd5 a4 22. Bd2 Qb7 23. a3 O-O 24. Bb4 Nf6 25. Rxd6 Bxd6 26. Bxd6 Nd7 27. Bxf8
Nxf8 28. Nc3 Qc6 29. Nd5 Kg7 30. h4 Ne6 31. g4 hxg4 32. fxg4 Qb7 33. h5 Nf4 34.
hxg6 fxg6 35. Nc3 Qd7 36. Qe3 Rb7 37. Qc5 {Black resigns} 1-0

[Event "Team 45 45 League T60"]
[Site "Internet Chess Club"]
[Date "2014.04.06"]
[Round "6"]
[White "calmon59"]
[Black "FourKnights"]
[Result "1/2-1/2"]
[WhiteElo "1861"]
[BlackElo "1767"]
[Opening "Sicilian: Najdorf, Byrne (English) attack"]
[ECO "B90"]
[Time "11:05:43"]
[TimeControl "2700+45"]

1. e4 c5 2. Nf3 d6 3. d4 cxd4 4. Nxd4 Nf6 5. Nc3 a6 6. Be3 e6 7. Be2 Be7 8. Qd2
O-O 9. a4 Nc6 10. O-O Qc7 11. f3 Bd7 12. Rad1 Rfd8 {Game drawn by mutual
agreement} 1/2-1/2

[Event "Team 45 45 League T60"]
[Site "Internet Chess Club"]
[Date "2014.04.05"]
[Round "6"]
[White "amicusUK"]
[Black "patito09"]
[Result "1-0"]
[WhiteElo "1685"]
[BlackElo "1814"]
[Opening "Queen's pawn game"]
[ECO "A46"]
[Time "14:14:03"]
[TimeControl "2700+45"]

1. d4 Nf6 2. Nf3 d6 3. Nbd2 g6 4. e4 Bg7 5. Bd3 O-O 6. O-O Nbd7 7. c3 c5 8. Nb3
Qc7 9. Qe2 Rd8 10. h3 b6 11. Be3 Bb7 12. Nbd2 Rac8 13. d5 Nf8 14. Bf4 e6 15.
dxe6 Nxe6 16. Bh2 Bh6 17. e5 dxe5 18. Bxe5 Qe7 19. Rfd1 Nd5 20. Qf1 Ndf4 21. Be4
Bd5 22. Bxd5 Nxd5 23. Ne4 Bg7 24. Bxg7 Kxg7 25. Qe1 Ndf4 26. Qe3 Nd5 27. Qe1 c4
28. g3 h6 29. Nd4 Ng5 30. Nxg5 Qxg5 31. Kh2 Re8 32. Qd2 Qh5 33. Re1 Nf6 34. Rxe8
Rxe8 35. Re1 Ne4 36. Qe2 Qd5 37. Qd1 Nxf2 38. Nf5+ Qxf5 39. Qd4+ f6 40. Rxe8
Qxh3+ 41. Kg1 Kf7 42. Qd8 Qxg3+ 43. Kf1 Qh3+ 44. Kxf2 Qh2+ 45. Ke1 Qg1+ 46. Kd2
Qg5+ 47. Re3 Qg2+ 48. Re2 Qg5+ 49. Kd1 Qg1+ 50. Re1 Qg4+ 51. Kc1 Qg5+ 52. Kb1
Qf5+ 53. Ka1 Qe5 54. Rxe5 fxe5 55. Qd6 h5 56. Kb1 e4 57. Qf4+ Kg7 58. Qxe4 Kh6
59. Qf4+ Kh7 60. Qg5 Kg7 61. Kc2 Kf7 62. Kd2 a6 63. Ke3 b5 64. Kd4 a5 65. Kc5 b4
66. cxb4 axb4 67. Kxc4 b3 68. a3 Ke6 69. a4 Kd6 70. Qxg6+ Kc7 71. a5 Kb7 72. a6+
Ka7 73. Kc5 h4 74. Qb6+ Ka8 75. Qb7# {Black checkmated} 1-0

[Event "Team 45 45 League T60"]
[Site "Internet Chess Club"]
[Date "2014.04.04"]
[Round "6"]
[White "mongmong"]
[Black "fireball"]
[Result "1/2-1/2"]
[WhiteElo "1654"]
[BlackElo "1754"]
[Opening "Old Benoni defense"]
[ECO "A46"]
[Time "21:05:07"]
[TimeControl "2700+45"]

1. d4 Nf6 2. Nf3 c5 3. d5 d6 4. Nc3 a6 5. a4 g6 6. e4 Bg7 7. Be2 O-O 8. O-O Ne8
9. Bd2 f5 10. exf5 Bxf5 11. Nh4 Bc8 12. Bg4 e5 13. Bxc8 Qxc8 14. Ne4 Qd8 15. Nf3
Nf6 16. Bg5 Qd7 17. Bxf6 Bxf6 18. Nxf6+ Rxf6 19. Nd2 Qc7 20. Ne4 Rf8 21. Qg4 Rd8
22. Qe6+ Qf7 23. Nf6+ Kg7 24. Qxf7+ Kxf7 25. Nxh7 Nd7 26. Ng5+ Kf6 27. Ne6 Rh8
28. c4 b5 29. cxb5 axb5 30. axb5 Nb6 31. Rxa8 Rxa8 32. Nc7 Ra7 33. Na6 Nxd5 34.
Rd1 Ke6 35. g3 Rb7 36. Rd2 Rxb5 37. Rxd5 Kxd5 38. Nc7+ Kc6 39. Nxb5 Kxb5 40. h4
Kc6 41. Kf1 d5 42. Ke2 d4 43. Kf3 Kd6 44. Ke4 Ke6 45. g4 c4 46. f3 Kf6 47. f4 d3
48. fxe5+ Ke6 49. Ke3 Kxe5 50. b3 cxb3 51. Kxd3 Kf4 52. h5 gxh5 53. gxh5 Kg5 54.
Kc3 Kxh5 55. Kb2 Kg5 56. Kc3 Kf5 57. Kb2 Ke5 58. Kc3 Kd5 59. Kxb3 {Game drawn
because neither player has mating material} 1/2-1/2

[Event "Team 45 45 League T60"]
[Site "Internet Chess Club"]
[Date "2014.04.06"]
[Round "6"]
[White "Slypawn"]
[Black "Agarnez"]
[Result "0-1"]
[WhiteElo "1809"]
[BlackElo "1945"]
[Opening "English, 1...Nf6 (Anglo-Indian defense)"]
[ECO "A15"]
[Time "13:08:36"]
[TimeControl "2700+45"]

1. c4 Nf6 2. g3 e6 3. Bg2 d5 4. cxd5 exd5 5. Nf3 Bd6 6. O-O O-O 7. b3 Re8 8. Bb2
h6 9. e3 Bf5 10. Nc3 Bd3 11. Re1 c6 12. Ne2 Nbd7 13. Nf4 Bh7 14. d4 Ne4 15. Nd3
a5 16. Rc1 a4 17. b4 Nb6 18. Nc5 Qe7 19. Ne5 a3 20. Ba1 f6 21. Ned3 Nc4 22. Nxe4
Bxe4 23. b5 Bxg2 24. Kxg2 cxb5 25. Nf4 Bb4 26. Re2 Qe4+ 27. Kg1 Bd6 28. Nd3 b6
29. Bc3 h5 30. Bb4 Bc7 31. Rc3 h4 32. Qf1 hxg3 33. hxg3 Qf5 34. Qg2 Ra4 35. Rb3
Bd6 36. Be1 Raa8 37. Bb4 Rac8 38. Bxd6 Nxd6 39. Nf4 Rc1+ 40. Kh2 Ne4 41. Rxb5
Nc3 42. Rxd5 Nxd5 43. Qxd5+ Qxd5 44. Nxd5 Kf7 45. Nxb6 Rb8 46. Na4 Rc4 {White
resigns} 0-1

[Event "Team 45 45 League T60"]
[Site "Internet Chess Club"]
[Date "2014.04.03"]
[Round "6"]
[White "WillC"]
[Black "cityprosecutor"]
[Result "0-1"]
[WhiteElo "1687"]
[BlackElo "1765"]
[Opening "English opening"]
[ECO "A10"]
[Time "22:02:50"]
[TimeControl "2700+45"]

1. c4 d6 2. g3 g6 3. Bg2 Bg7 4. Nc3 Nf6 5. d3 O-O 6. e4 c5 7. f4 Nc6 8. Nge2 Bg4
9. h3 Bd7 10. O-O Qc8 11. Kh2 h5 12. Bd2 Rb8 13. Rb1 a6 14. a3 b5 15. b3 b4 16.
axb4 Nxb4 17. Be3 Bg4 18. Qd2 Bd7 19. d4 Rd8 20. e5 Ne8 21. Ne4 cxd4 22. Bxd4
dxe5 23. fxe5 Bf5 24. Qc3 Nc6 25. Qe3 Qc7 26. Ra1 Nxd4 27. Nxd4 Bxe5 28. Nxf5
gxf5 29. Qg5+ Ng7 30. Nf2 Bxa1 31. Rxa1 Qd6 32. Ra5 Rxb3 33. Rxf5 h4 34. Ne4
hxg3+ 35. Nxg3 Qxg3+ 36. Qxg3 Rxg3 {White resigns} 0-1

[Event "Team 45 45 League T60"]
[Site "Internet Chess Club"]
[Date "2014.04.11"]
[Round "6"]
[White "calsal"]
[Black "Innes"]
[Result "1-0"]
[WhiteElo "1771"]
[BlackElo "1519"]
[Opening "Petrov: Italian variation"]
[ECO "C24"]
[Time "17:10:38"]
[TimeControl "2700+45"]

1. e4 e5 2. Bc4 Nf6 3. Nf3 Bc5 4. Nxe5 O-O 5. d4 Bb6 6. Bg5 d6 7. Nf3 Nc6 8. O-O
Bg4 9. c3 h6 10. Bxf6 Qxf6 11. Nbd2 Rad8 12. h3 Bh5 13. Qc2 Bg6 14. Rfe1 d5 15.
Bd3 dxe4 16. Nxe4 Qf4 17. Ng3 Bxd3 18. Qxd3 Rfe8 19. Nf5 g6 20. Ng3 a5 21. Re4
Rxe4 22. Qxe4 Qd6 23. Re1 Qd7 24. Ne5 Nxe5 25. Qxe5 c6 26. Ne4 Qe6 27. Nf6+ Kf8
28. Qxe6 fxe6 29. Ng4 h5 30. Ne5 Kg7 31. Nc4 Bc7 32. Rxe6 Kf7 33. Re3 c5 34. Rd3
b5 35. Nd2 cxd4 36. Rxd4 Re8 37. Rd7+ Re7 38. Rxe7+ Kxe7 39. Kf1 Ke6 40. Ke2 Bb6
41. f3 Kd5 42. Kd3 Bc7 43. Nb3 a4 44. Nd4 Bb6 45. Nxb5 Ke5 46. Nd4 Kf4 47. Ne2+
Kg5 48. Kc4 Be3 49. Kb4 a3 50. Kxa3 Kf5 51. Kb3 Ke5 52. Kc4 Kd6 53. Kb5 Kc7 54.
Ka6 Kb8 55. b4 Bd2 56. b5 Kc7 57. c4 Be3 58. Nc3 Kb8 59. Ne4 g5 60. c5 g4 61. b6
gxh3 62. gxh3 h4 63. c6 Bf4 64. c7+ Kc8 65. Ka7 Bxc7 66. bxc7 Kxc7 67. f4 Kd7
68. Ng5 Ke7 69. Nf3 Kf6 70. Nxh4 {Black resigns} 1-0

[Event "Team 45 45 League T60"]
[Site "Internet Chess Club"]
[Date "2014.04.06"]
[Round "6"]
[White "SlimeDog2"]
[Black "Goli"]
[Result "1/2-1/2"]
[WhiteElo "2029"]
[BlackElo "1784"]
[Opening "King's Indian: fianchetto, classical main line"]
[ECO "E69"]
[Time "17:01:14"]
[TimeControl "2700+45"]

1. Nf3 Nf6 2. c4 g6 3. d4 Bg7 4. g3 O-O 5. Bg2 d6 6. Nc3 c6 7. O-O Nbd7 8. e4 e5
9. h3 Qc7 10. Be3 a5 11. Rc1 exd4 12. Nxd4 Nc5 13. Qc2 Nh5 14. g4 Nf6 15. Rcd1
Qe7 16. Rfe1 h6 17. Bf4 Nfd7 18. b3 Ne5 19. Re2 Ne6 20. Be3 Nxd4 21. Bxd4 g5 22.
Red2 Be6 23. Be3 Rfd8 24. Ne2 Bf8 25. Nd4 Qf6 26. Nf5 Bxf5 27. exf5 Qe7 28. Qe4
f6 29. f4 Nf7 30. Qd3 Qc7 31. Qc3 Kg7 32. Bd4 Be7 33. Re2 gxf4 34. Qc1 Ne5 35.
Qxf4 a4 36. Qf2 axb3 37. axb3 Ra6 38. Qh4 Rda8 39. Qh5 Ra2 40. Rde1 Rxe2 41.
Rxe2 Ra3 42. Bxe5 dxe5 43. Qg6+ Kf8 44. Qxh6+ Ke8 45. Qh8+ Kf7 46. Qh7+ Kf8 47.
Qh6+ Kf7 {Game drawn by mutual agreement} 1/2-1/2

[Event "Team 45 45 League T60"]
[Site "Internet Chess Club"]
[Date "2014.04.05"]
[Round "6"]
[White "room-matt"]
[Black "sharky123"]
[Result "1-0"]
[WhiteElo "1866"]
[BlackElo "1778"]
[Opening "Richter-Veresov attack"]
[ECO "D01"]
[Time "01:05:00"]
[TimeControl "2700+45"]

1. d4 d5 2. Nc3 Nf6 3. Bg5 h6 4. Bxf6 exf6 5. e3 Bf5 6. Bd3 Bxd3 7. Qxd3 Nc6 8.
Qb5 Qd7 9. Nxd5 Rb8 10. O-O-O a6 11. Qc4 b5 12. Qb3 Na5 13. Qc3 Qxd5 14. Qxa5
Rb6 15. Nf3 Bd6 16. Rhe1 Qc4 17. c3 b4 18. Qa4+ Qb5 19. Qxb5+ axb5 20. cxb4 Bxb4
21. Re2 O-O 22. Rc2 Bd6 23. Kd2 Ra8 24. a3 Rc8 25. h3 f5 26. Rdc1 g6 27. Ne1 f4
28. e4 f6 29. Ke2 Re8 30. Kf3 g5 31. Nd3 c6 32. Rxc6 Rxc6 33. Rxc6 Bb8 34. Rxf6
Ba7 35. Rd6 Rb8 36. Rxh6 Bxd4 37. Rg6+ Kf7 38. Rxg5 {Black resigns} 1-0

[Event "Team 45 45 League T60"]
[Site "Internet Chess Club"]
[Date "2014.04.03"]
[Round "6"]
[White "BrerRabbit"]
[Black "tryanything"]
[Result "1/2-1/2"]
[WhiteElo "1459"]
[BlackElo "1610"]
[Opening "Queen's pawn game"]
[ECO "D04"]
[Time "20:01:13"]
[TimeControl "2700+45"]

1. d4 Nf6 2. Nf3 d5 3. e3 Bf5 4. c4 e6 5. Nc3 c6 6. Nh4 Bg6 7. Nxg6 hxg6 8. Bd3
Nbd7 9. Qb3 Qc7 10. h3 dxc4 11. Bxc4 Nb6 12. Be2 Nbd5 13. Bd2 Nxc3 14. Bxc3 Ne4
15. O-O Nxc3 16. Qxc3 O-O-O 17. Rfc1 Be7 18. b4 Kb8 19. b5 Rc8 20. bxc6 Qxc6 21.
Qxc6 Rxc6 22. Rxc6 bxc6 23. Ba6 Kc7 24. Rb1 Rb8 {Game drawn by mutual agreement}
1/2-1/2